 Dungeon Crawl Stone Soup version 0.29.0-13-gc9e81de378 (webtiles) character file.

Game seed: 2542157499819059517

177646 Armakuni the Bludgeoner (level 18, -1/134 HPs)
             Began as a Human Delver on Sept 7, 2022.
             Was an Elder of the Shining One.
             Slain by a salamander
             ... wielding a +1 glaive of flaming
              (5 damage)
             ... on level 2 of the Snake Pit.
             The game lasted 01:22:48 (40193 turns).

Armakuni the Bludgeoner (Human Delver)             Turns: 40193, Time: 01:22:48

Health: -1/134     AC: 31    Str: 32    XL:     18   Next: 84%
Magic:  24/29      EV: 14    Int:  7    God:    the Shining One [****..]
Gold:   2073       SH: 12    Dex: 11    Spells: 17/17 levels left

rFire   + . .      SeeInvis .   a - +4 dire flail
rCold   . . .      Faith    +   (shield currently unavailable)
rNeg    + + +      Spirit   .   Y - +8 chain mail of the Hunter {rPois Regen+ rCorr}
rPois   +          Reflect  .   w - +2 helmet
rElec   .          Harm     .   M - +1 cloak {Stlth+}
rCorr   +          Rampage  .   e - +0 pair of gloves
Will    ++...                   A - +0 pair of boots
Stlth   +.........              U - amulet of faith
HPRegen 1.12/turn               L - ring of Esotseog {Fly rF+ rN+ Dex+2}
MPRegen 0.21/turn               W - ring "Hezxer" {Will+ Str+9 Int-5 Dex-4}

@: lethally poisoned (-1 -> -2), divinely shielded, flying, glowing
A: sense surroundings 1, strong 1
a: Renounce Religion, Divine Shield, Cleansing Flame


You were on level 2 of the Snake Pit.
You worshipped the Shining One.
The Shining One was greatly pleased with you.
You visited 7 branches of the dungeon, and saw 27 of its levels.
You also visited: Gauntlet and Volcano.

You collected 3538 gold pieces.
You spent 1465 gold pieces at shops.

Inventory:

Hand Weapons
 a - a +4 dire flail (weapon)
 b - a +3 demon whip of flaming
Missiles
 s - 13 javelins
 t - 13 boomerangs
 x - 7 silver javelins
 B - 2 curare-tipped darts (quivered)
Armour
 e - a +0 pair of gloves (worn)
 w - a +2 helmet (worn)
 A - a +0 pair of boots (worn)
 K - a +0 buckler of reflection
 M - a +1 cloak of stealth (worn)
 Y - the +8 chain mail of the Hunter (worn) {rPois Regen+ rCorr}
   (You found it on level 4 of the Lair of Beasts)

   rPois:     It protects you from poison.
   Regen:     It increases your rate of health regeneration.
   rCorr:     It protects you from acid and corrosion.
Jewellery
 J - a ring of protection from cold
 L - the ring of Esotseog (left hand) {Fly rF+ rN+ Dex+2}
   (You acquired it on level 13 of the Dungeon)

   [ring of protection from fire]

   Dex:       It affects your dexterity (+2).
   rF:        It protects you from fire.
   rN:        It protects you from negative energy.
   Fly:       It grants you flight.
 U - an amulet of faith (around neck)
 W - the ring "Hezxer" (right hand) {Will+ Str+9 Int-5 Dex-4}
   (You found it on level 2 of the Dungeon)

   [ring of willpower]

   Str:       It affects your strength (+9).
   Int:       It affects your intelligence (-5).
   Dex:       It affects your dexterity (-4).
   Will:      It increases your willpower.
 Z - the amulet of Liny {Faith Drain rPois rF+ Will- Str+6}
   (You found it in a Gauntlet)

   [amulet of faith]

   It allows you to gain divine favour quickly.
   Str:       It affects your strength (+6).
   rF:        It protects you from fire.
   rPois:     It protects you from poison.
   Drain:     It drains your maximum health when unequipped.
   Will:      It decreases your willpower.
Wands
 d - a wand of quicksilver (5)
 k - a wand of digging (18)
 r - a wand of roots (6)
 v - a wand of flame (18)
 F - a wand of polymorph (1)
Scrolls
 c - a scroll of fog
 j - 14 scrolls of teleportation
 l - 2 scrolls of blinking
 n - 2 scrolls of noise
 p - a scroll of amnesia
 u - 6 scrolls of fear
 y - 6 scrolls of butterflies
 z - 9 scrolls of magic mapping
 C - 2 scrolls of summoning
 D - 3 scrolls of poison
 G - 2 scrolls of silence
 H - 7 scrolls of identify
 O - 2 scrolls of immolation
 S - 3 scrolls of vulnerability
Potions
 f - 9 potions of curing
 g - a potion of magic {unknown}
 h - 6 potions of heal wounds
 i - 4 potions of flight
 m - 5 potions of attraction
 o - 4 potions of haste
 q - a potion of resistance
 E - 2 potions of invisibility
 I - a potion of brilliance
 N - 3 potions of ambrosia
 P - 2 potions of lignification
 V - 3 potions of cancellation
 X - 9 potions of mutation
Miscellaneous
 Q - a phantom mirror (inert)
 T - a box of beasts (inert)


   Skills:
 - Level 10.0 Fighting
 + Level 16.9(17.6) Maces & Flails
 - Level 8.4(13.7) Staves
 - Level 15.0 Armour
 - Level 15.0 Dodging
 - Level 5.0 Stealth
 - Level 15.0 Invocations
 - Level 4.0 Evocations


You had 17 spell levels left.
You didn't know any spells.
Your spell library contained the following spells:

 Spells                   Type           Power      Damage    Failure   Level
 Sandblast                Erth           0%         2d4       80%         1
 Ensorcelled Hibernation  Hex/Ice        0%         N/A       91%         2
 Passwall                 Tmut/Erth      0%         N/A       91%         2
 Sublimation of Blood     Necr           0%         N/A       91%         2
 Gell's Gravitas          Tloc           0%         N/A       99%         3
 Lesser Beckoning         Tloc           0%         N/A       99%         3
 Portal Projectile        Hex/Tloc       0%         N/A       99%         3
 Spider Form              Tmut/Pois      0%         N/A       99%         3
 Stone Arrow              Conj/Erth      0%         3d7       99%         3
 Teleport Other           Tloc           0%         N/A       99%         3
 Tukima's Dance           Hex            0%         N/A       99%         3
 Anguish                  Hex/Necr       0%         N/A       100%        4
 Animate Armour           Summ/Erth      0%         N/A       100%        4
 Hailstorm                Conj/Ice       0%         3d3       100%        4
 Leda's Liquefaction      Hex/Erth       0%         N/A       100%        4
 Passage of Golubria      Tloc           0%         N/A       100%        4
 Petrify                  Tmut/Erth      0%         N/A       100%        4
 Summon Ice Beast         Ice/Summ       0%         N/A       100%        4
 Alistair's Intoxication  Tmut/Pois      0%         N/A       100%        5
 Blade Hands              Tmut           0%         N/A       100%        5
 Borgnjor's Vile Clutch   Necr/Erth      0%         N/A       100%        5
 Irradiate                Conj/Tmut      0%         3d11      100%        5
 Lee's Rapid Deconstruct  Erth           0%         3d5*      100%        5
 Metabolic Englaciation   Hex/Ice        0%         N/A       100%        5
 Yara's Violent Unravell  Hex/Tmut       0%         3d3       100%        5
 Conjure Ball Lightning   Conj/Air       0%         3x3d6     100%        6
 Dispersal                Tloc           0%         N/A       100%        6
 Eringya's Noxious Bog    Tmut/Pois      0%         N/A       100%        6
 Statue Form              Tmut/Erth      0%         N/A       100%        6
 Discord                  Hex            0%         N/A       100%        8
 Disjunction              Tloc           0%         N/A       100%        8
 Lehudib's Crystal Spear  Conj/Erth      0%         10d2      100%        8
 Polar Vortex             Ice            0%         N/A       100%        9


Dungeon Overview and Level Annotations

Branches:
Dungeon (15/15)            Temple (1/1) D:6            Lair (5/5) D:8
 Shoals (0/4) Lair:3        Snake (2/4) Lair:2        Slime (0/5) Lair:5
    Orc (2/2) D:10            Elf (0/3) Orc:2        Vaults (0/5) D:13
 Depths (1/4) D:15           Hell (visited)         Volcano (visited)
Gauntlet (visited)
    Dis: Hell:1         Geh: Hell:1         Coc: Hell:1         Tar: Hell:1

Altars:
Cheibriados
Elyvilon
Fedhas
Gozag
Hepliaklqana
Kikubaaqudgha
Okawaru
Qazlal
Trog
Uskayaw
Wu Jian
Xom
Zin
The Shining One

Shops:
D:9 ?   D:11 *(!(   D:14 !   Orc:2 *(=!   Snake:1 [

Portals:
Hell: Depths:1

Annotations:
Hell Geryon


Innate Abilities, Weirdness & Mutations

You passively map a small area around you.
Your muscles are strong. (Str +4, Int/Dex -1)


Message History

You are engulfed in flames.
You resist.
* * * LOW HITPOINT WARNING * * *
The salamander burns you.
* * * LOW HITPOINT WARNING * * *
You hit the naga warrior.
The naga warrior is almost dead.
You block the naga warrior's attack. The naga warrior barely misses you.
The salamander misses you.
The naga warrior roars a battlecry!
The naga warrior goes into a battle-frenzy!
You barely miss the naga warrior.
The naga warrior is almost dead.
You feel sick.
Activating: Cleansing Flame (1% risk of failure)
Press: ? - help, Dir - look around, f - activate The golden flame engulfs you but does no damage.
You resist.
The golden flame engulfs the naga warrior!!!
You kill the naga warrior!
The golden flame engulfs the salamander!!
The salamander is heavily wounded.
You feel sick.
You hear a shout!
You hear an angry hiss.
You hear a shout! x2
You hear an angry hiss. x3; You hear a shout!
The salamander hits you from afar with a +1 glaive of flaming!
* * * LOW HITPOINT WARNING * * *
You are engulfed in flames.
You resist.
* * * LOW HITPOINT WARNING * * *
The salamander burns you.
* * * LOW HITPOINT WARNING * * *
The naga warrior spits poison at you. The splash of poison hits you.
You resist.
* * * LOW HITPOINT WARNING * * *
You feel sick.
The salamander hits you from afar with a +1 glaive of flaming!!
The Shining One protects you from harm!
You are engulfed in flames!
You resist.
* * * LOW HITPOINT WARNING * * *
The salamander burns you.
You die...

*
#.......~~≈~≈~S
, , > ,
#......~~~~~~ ,
*#)..# ~~~, ,
#.).#*... *
*####...##.# * ,
, #...÷.....#
.......#.)N..###
##...###.†.N.#
*,* ### #[@...#
,* * * ###...#
,* #.).# * , *
#..(# , ##### ,
, *


You could see a naga warrior (strong, catching breath) and a salamander
(strong).

Vanquished Creatures
  An ancient lich (Depths:1)
  A hellephant (Depths:1)
  4 searing wretches
  Roxanne (D:14)
  2 cacodemons (Hell)
  A balrug (Depths:1)
  A juggernaut zombie (Hell)
  2 reapers (Hell)
  2 stone giants (D:15)
  3 entropy weavers (Lair:4)
  A minotaur (Gauntlet)
  A crystal guardian (Hell)
  Josephine (Orc:2)
  Harold (D:9)
  6 hydras
  2 ice dragons
  4 boulder beetles
  A salamander tyrant (Lair:2)
  3 catoblepae
  6 anacondas
  2 centaur warriors
  2 two-headed ogres
  2 ghost crabs (Lair:4)
  A tengu warrior (Depths:1)
  4 death yaks (Lair:4)
  3 naga warriors
  3 deep troll shamans
  2 naga sharpshooters
  An orc high priest (Orc:2)
  A vampire mage (D:15)
  5 hell knights
  3 deep troll earth magi (D:15)
  5 shock serpents
  2 titan zombies (Hell)
  Nergalle (D:11)
  A crystal echidna (Hell)
  4 skeletal warriors
  A soul eater (Depths:1)
  4 fire crabs (Lair:4)
  6 sun demons
  5 iron trolls
  2 salamander mystics
  6 sixfirhies
  A sea snake (Snake:1)
  2 spark wasp zombies (Hell)
  11 deep trolls
  A glowing orange brain (D:15)
  4 wizards
  3 naga ritualists
  Pikel (D:9)
  7 mana vipers
  2 necromancers
  A lindwurm (Lair:2)
  A sphinx zombie (Hell)
  3 orc knights
  3 deep elf pyromancers
  19 ugly things
  6 orc sorcerers
  An oklob plant (Gauntlet)
  3 manticores
  A frost giant zombie (D:15)
  A faun (shapeshifter) (D:13)
  A stone giant skeleton (D:15)
  4 cyclopes
  Maurice (Orc:1)
  11 salamanders
  An elephant (shapeshifter) (D:15)
  A guardian serpent (Snake:1)
  A rust devil (D:15)
  8 elephants
  21 black mambas
  An apocalypse crab (Lair:4)
  5 naga magi
  3 molten gargoyles
  3 merfolk sirens (Lair:3)
  2 gargoyles
  12 cane toads
  An orange demon (Depths:1)
  An efreet (D:15)
  A rime drake (Lair:3)
  A demonic crawler (Depths:1)
  3 komodo dragons
  5 yaktaurs (D:15)
  A guardian mummy (D:15)
  2 kobold demonologists (D:10)
  A tengu conjurer (D:15)
  An ice devil (Depths:1)
  A red devil (Volcano)
  7 trolls
  A hornet (shapeshifter) (D:13)
  A meliai (D:13)
  11 polar bears
  14 blink frogs
  17 slime creatures
  12 dream sheep
  2 raiju (Lair:5)
  3 spriggan zombies (Hell)
  4 fire bats
  A shadow (D:12)
  7 wraiths
  51 yaks
  A ynoxinul (Gauntlet)
  5 wyverns
  A vampire (D:14)
  3 basilisks
  Grum (Lair:1)
  7 vampire mosquitoes
  10 wargs
  A steam dragon (D:9)
  10 nagas
  2 acid dragons
  A human zombie (Hell)
  A glowing shapeshifter zombie (D:15)
  15 hell hounds
  8 water moccasins
  A glowing shapeshifter skeleton (D:15)
  21 orc warriors
  5 ogres
  13 black bears
  A floating eye zombie (Hell)
  42 wolves
  6 centaurs
  A phantom (D:5)
  5 kobold brigands
  10 bullfrogs
  3 necrophages
  3 gnoll sergeants
  A scorpion (D:4)
  4 wights (D:8)
  13 killer bees
  2 vampire bats (Lair:5)
  4 howler monkeys
  3 electric eels
  6 lava snakes (Volcano)
  4 jellies
  23 orc priests
  8 hounds
  A gnoll bouda (D:8)
  An iron imp (Gauntlet)
  35 orc wizards
  5 hell rats (Lair:2)
  4 iguanas
  3 small abominations (Gauntlet)
  17 gnolls
  6 adders
  2 shadow imps
  4 ufetubi
  A worm (D:3)
  3 dart slugs
  58 orcs
  15 bats
  8 endoplasms
  2 giant cockroaches
  8 goblins
  6 hobgoblins
  5 jackals
  23 kobolds
  6 quokkas
  7 ball pythons
  2 frilled lizards
  8 rats
  10 butterflies (D:13)
890 creatures vanquished.

Vanquished Creatures (collateral kills)
  An iron golem (D:15)
  A naga (Snake:2)
2 creatures vanquished.

Vanquished Creatures (others)
  A fire crab (Lair:4)
  A necromancer (D:13)
  An elephant (Lair:5)
  A komodo dragon (Lair:2)
  A meliai (D:13)
  A hornet (D:10)
  3 slime creatures (D:13)
  4 killer bees (D:9)
  11 fungi
  37 plants
  2 withered plants (D:15)
63 creatures vanquished.

Grand Total: 955 creatures vanquished

Notes
Turn   | Place    | Note
-------+----------+-------------------------------------------
     0 | D:5      | Armakuni the Human Delver began the quest for the Orb.
     0 | D:5      | Reached XP level 1. HP: 18/18 MP: 1/1
     8 | D:6      | Noticed a phantom
     8 | D:6      | Noticed a jelly
    48 | D:4      | Noticed a scorpion
   108 | D:4      | Noticed a hound
   425 | D:3      | Reached XP level 2. HP: 23/24 MP: 2/2
   554 | D:2      | Reached skill level 3 in Maces & Flails
   663 | D:2      | Identified the ring "Hezxer" {Will+ Str+9 Int-5 Dex-4}
   678 | D:2      | Found a faded altar of an unknown god.
   716 | D:2      | Reached XP level 3. HP: 26/29 MP: 3/3
  1730 | D:1      | Reached skill level 4 in Maces & Flails
  1730 | D:1      | Reached XP level 4. HP: 33/35 MP: 4/4
  2806 | D:3      | Found a blossoming altar of Fedhas.
  3125 | D:3      | Reached XP level 5. HP: 40/41 MP: 5/5
  3423 | D:3      | Reached skill level 5 in Maces & Flails
  3699 | D:4      | Noticed a black bear
  3714 | D:4      | Killed a black bear
  3715 | D:4      | Reached skill level 6 in Maces & Flails
  3715 | D:4      | Reached XP level 6. HP: 34/47 MP: 6/6
  4378 | D:5      | Noticed an ogre
  4383 | D:5      | Killed an ogre
  4384 | D:5      | Reached skill level 7 in Maces & Flails
  4384 | D:5      | Reached XP level 7. HP: 52/52 MP: 7/7
  4942 | D:5      | Reached skill level 8 in Maces & Flails
  5060 | D:5      | Reached XP level 8. HP: 58/58 MP: 8/8
  5352 | D:5      | Reached skill level 1 in Staves
  5818 | D:6      | Found a staircase to the Ecumenical Temple.
  5829 | Temple   | Entered the Ecumenical Temple
  5835 | Temple   | Became a worshipper of Elyvilon the Healer
  5896 | D:6      | Reached skill level 5 in Staves
  6187 | D:7      | Reached XP level 9. HP: 60/63 MP: 9/9
  6858 | D:7      | Reached skill level 1 in Armour
  7324 | D:7      | Reached * piety under Elyvilon
  8193 | D:8      | Reached skill level 9 in Maces & Flails
  8301 | D:8      | Found a staircase to the Lair.
  8384 | D:8      | Reached XP level 10. HP: 60/70 MP: 10/10
  8607 | D:8      | Noticed a two-headed ogre
  8618 | D:8      | Killed a two-headed ogre
  8619 | D:8      | Reached skill level 11 in Maces & Flails
  9222 | D:8      | Reached ** piety under Elyvilon
  9502 | D:9      | Noticed Pikel
  9521 | D:9      | Killed Pikel
  9653 | D:9      | Noticed Harold
  9668 | D:9      | Killed Harold
  9750 | D:8      | Reached skill level 12 in Maces & Flails
 10127 | D:9      | Reached XP level 11. HP: 30/75 MP: 6/14
 10500 | D:9      | Reached skill level 5 in Invocations
 10770 | D:9      | Found Iravoruj's Magic Scroll Emporium.
 10779 | D:9      | Bought a scroll of blinking for 112 gold pieces
 11018 | D:9      | Found a glowing silver altar of Zin.
 11018 | D:9      | Found an ancient bone altar of Kikubaaqudgha.
 11109 | D:9      | Found an opulent altar of Gozag.
 11261 | D:10     | Entered Level 10 of the Dungeon
 12109 | D:10     | Reached skill level 13 in Maces & Flails
 12418 | D:10     | Found a staircase to the Orcish Mines.
 13012 | D:10     | Reached *** piety under Elyvilon
 13199 | D:11     | Found Xop Qiasm's Weapon Shop.
 13272 | D:11     | Noticed Nergalle
 13294 | D:11     | Elyvilon protects you from harm!
 13512 | D:11     | Found Lot Mida's Distillery.
 13643 | D:11     | Bought a potion of might for 52 gold pieces
 13764 | D:11     | Killed Nergalle
 14208 | D:11     | Noticed a four-headed hydra
 14216 | D:11     | Pacified a four-headed hydra
 14217 | D:11     | Reached skill level 5 in Fighting
 14217 | D:11     | Reached XP level 12. HP: 31/86 MP: 15/18
 14217 | D:11     | Found Reetz's Assorted Antiques.
 14243 | D:11     | Bought a potion of heal wounds for 150 gold pieces
 14243 | D:11     | Bought a coppery potion for 27 gold pieces
 14736 | D:11     | Found Haweymui's Antique Weapon Shop.
 15396 | D:12     | Noticed a seven-headed hydra
 15406 | D:12     | Pacified a seven-headed hydra
 15407 | D:12     | Reached skill level 10 in Invocations
 15608 | D:12     | Reached **** piety under Elyvilon
 15646 | D:12     | Reached skill level 5 in Armour
 16687 | D:13     | Found a huge runed gate.
 16688 | D:13     | Found a huge runed gate.
 16688 | D:13     | Found a huge runed gate.
 16694 | D:13     | Found a huge runed gate.
 16694 | D:13     | Found a huge runed gate.
 16695 | D:13     | Found a huge runed gate.
 16695 | D:13     | Found a huge runed gate.
 16695 | D:13     | Found a huge runed gate.
 16696 | D:13     | Found a huge runed gate.
 16696 | D:13     | Found a huge runed gate.
 16696 | D:13     | Found a huge runed gate.
 16696 | D:13     | Found a huge runed gate.
 16702 | D:13     | Found a huge runed gate.
 16702 | D:13     | Found a huge runed gate.
 16702 | D:13     | Found a huge runed gate.
 16702 | D:13     | Found a huge runed gate.
 16702 | D:13     | Found a huge runed gate.
 16702 | D:13     | Found a huge runed gate.
 16703 | D:13     | Found a huge runed gate.
 16704 | D:13     | Found a huge runed gate.
 16705 | D:13     | Found a huge runed gate.
 16706 | D:13     | Noticed a centaur warrior
 16724 | D:13     | Killed a centaur warrior
 17011 | D:13     | Found a huge runed gate.
 17032 | D:13     | Found a huge runed gate.
 17032 | D:13     | Found a huge runed gate.
 17032 | D:13     | Found a huge runed gate.
 17038 | D:13     | Found a huge runed gate.
 17038 | D:13     | Found a huge runed gate.
 17038 | D:13     | Found a huge runed gate.
 17039 | D:13     | Found a huge runed gate.
 17040 | D:13     | Found a huge runed gate.
 17043 | D:13     | Found a huge runed gate.
 17043 | D:13     | Found a huge runed gate.
 17043 | D:13     | Found a huge runed gate.
 17043 | D:13     | Found a huge runed gate.
 17043 | D:13     | Found a huge runed gate.
 17044 | D:13     | Found a huge runed gate.
 17397 | D:13     | Noticed an ice dragon
 17409 | D:13     | Killed an ice dragon
 17472 | D:13     | Found a gate to the Vaults.
 17918 | D:13     | Reached XP level 13. HP: 71/91 MP: 21/21
 18358 | D:13     | Identified the +2 leather armour of the Moon {rPois rF+
                  | Will- Int+4}
 18583 | D:13     | Identified the +10 long sword of Veups {vorpal, Dex+4}
 18599 | D:13     | Identified a scroll of acquirement
 18599 | D:13     | Acquired the ring of Esotseog {Fly rF+ rN+ Dex+2}
 18769 | Lair:1   | Entered Level 1 of the Lair of Beasts
 19359 | Lair:1   | Noticed Grum
 19366 | Lair:1   | Killed Grum
 19948 | Lair:1   | Found a hide-covered altar of Uskayaw.
 19951 | Lair:1   | Noticed a boulder beetle
 19954 | Lair:1   | Found an ornate altar of the Wu Jian Council.
 19963 | Lair:1   | Killed a boulder beetle
 20792 | Lair:2   | Found a staircase to the Snake Pit.
 20792 | Lair:2   | Noticed Sonja
 20794 | Lair:2   | Noticed Sonja
 20794 | Lair:2   | Sonja changed into Sonja the polar bear
 20801 | Lair:2   | Killed Sonja the polar bear
 20905 | Lair:2   | Reached skill level 5 in Dodging
 20910 | Lair:2   | Found a dark tunnel.
 20932 | Volcano  | Entered a volcano
 21237 | Volcano  | Found a bloodstained altar of Trog.
 22225 | Lair:2   | Reached XP level 14. HP: 54/105 MP: 23/23
 25315 | Lair:3   | Found a staircase to the Shoals.
 25596 | Lair:4   | Reached skill level 10 in Armour
 26487 | Lair:4   | Reached skill level 10 in Fighting
 26699 | Lair:4   | Found a runed translucent door.
 26905 | Lair:4   | Reached skill level 10 in Dodging
 26905 | Lair:4   | Reached skill level 1 in Evocations
 26916 | Lair:4   | Noticed an entropy weaver
 26918 | Lair:4   | Pacified an entropy weaver
 27424 | Lair:4   | Noticed an entropy weaver
 27440 | Lair:4   | Killed an entropy weaver
 27441 | Lair:4   | Reached XP level 15. HP: 73/115 MP: 24/24
 28139 | Lair:4   | Identified the +8 chain mail of the Hunter {rPois Regen+
                  | rCorr}
 28438 | Lair:5   | Entered Level 5 of the Lair of Beasts
 28810 | Lair:5   | Found a staircase to the Slime Pits.
 29564 | Lair:5   | Reached skill level 15 in Invocations
 30251 | Orc:1    | Entered Level 1 of the Orcish Mines
 30723 | Orc:1    | Noticed Maurice
 30756 | Orc:1    | Killed Maurice
 30903 | Orc:2    | Entered Level 2 of the Orcish Mines
 31157 | Orc:2    | Reached XP level 16. HP: 91/122 MP: 22/27
 31378 | Orc:2    | Noticed Josephine
 31394 | Orc:2    | Killed Josephine
 31627 | Orc:2    | Gained mutation: You sometimes lose your temper in combat.
                  | [a neqoxec]
 31631 | Orc:2    | Gained mutation: You are frail. (-10% HP) [a neqoxec]
 31720 | Orc:2    | Found Ulophe's Jewellery Boutique.
 31720 | Orc:2    | Found Kiqoug's Assorted Antiques.
 31721 | Orc:2    | Found Ynoaroda's Weapon Shop.
 31725 | Orc:2    | Found Wopnit's Distillery.
 31729 | Orc:2    | Bought a potion of heal wounds for 85 gold pieces
 31729 | Orc:2    | Bought 2 potions of mutation for 272 gold pieces
 31729 | Orc:2    | Bought a potion of mutation for 136 gold pieces
 31729 | Orc:2    | Bought a potion of curing for 51 gold pieces
 31729 | Orc:2    | Bought a potion of curing for 51 gold pieces
 31790 | Orc:2    | Found a staircase to the Elven Halls.
 32003 | Orc:2    | Lost mutation: You sometimes lose your temper in combat.
                  | [potion of mutation]
 32003 | Orc:2    | Lost mutation: You are frail. (-10% HP) [potion of
                  | mutation]
 32003 | Orc:2    | Gained mutation: You have hidden genetic defects. [potion
                  | of mutation]
 32003 | Orc:2    | Gained mutation: You passively map a small area around you.
                  | [potion of mutation]
 32003 | Orc:2    | Gained mutation: Your flesh is heat resistant. (rF+)
                  | [potion of mutation]
 32005 | Orc:2    | Lost mutation: You have hidden genetic defects. [potion of
                  | mutation]
 32005 | Orc:2    | Lost mutation: Your flesh is heat resistant. (rF+) [potion
                  | of mutation]
 32005 | Orc:2    | Lost mutation: You passively map a small area around you.
                  | [potion of mutation]
 32005 | Orc:2    | Gained mutation: You are partially covered in iridescent
                  | scales. (AC +2) [potion of mutation]
 32005 | Orc:2    | Gained mutation: You occasionally lose the ability to read
                  | scrolls when taking damage. [potion of mutation]
 32006 | Orc:2    | Lost mutation: You are partially covered in iridescent
                  | scales. (AC +2) [potion of mutation]
 32006 | Orc:2    | Lost mutation: You occasionally lose the ability to read
                  | scrolls when taking damage. [potion of mutation]
 32006 | Orc:2    | Gained mutation: Your magical capacity is low. (-10% MP)
                  | [potion of mutation]
 32006 | Orc:2    | Gained mutation: Your skin changes colour to match your
                  | surroundings (Stealth+). [potion of mutation]
 32007 | Orc:2    | Lost mutation: Your magical capacity is low. (-10% MP)
                  | [potion of mutation]
 32007 | Orc:2    | Lost mutation: Your skin changes colour to match your
                  | surroundings (Stealth+). [potion of mutation]
 32007 | Orc:2    | Gained mutation: You passively map a small area around you.
                  | [potion of mutation]
 32007 | Orc:2    | Gained mutation: Your muscles are strong. (Str +4, Int/Dex
                  | -1) [potion of mutation]
 32147 | Temple   | Fell from the grace of Elyvilon
 32147 | Temple   | Became a worshipper of the Shining One
 32147 | Temple   | Reached * piety under the Shining One
 32294 | D:11     | Bought a potion of mutation for 104 gold pieces
 32294 | D:11     | Bought a potion of mutation for 104 gold pieces
 32294 | D:11     | Bought a potion of mutation for 104 gold pieces
 32396 | D:9      | Bought a scroll of immolation for 60 gold pieces
 32396 | D:9      | Bought a scroll of teleportation for 45 gold pieces
 32396 | D:9      | Bought a scroll of blinking for 112 gold pieces
 33006 | D:14     | Found Xuackaukk's Distillery.
 33012 | D:14     | Noticed Roxanne
 33042 | D:14     | Killed Roxanne
 33133 | D:14     | Reached ** piety under the Shining One
 33778 | D:15     | Entered Level 15 of the Dungeon
 33778 | D:15     | Found a staircase to the Depths.
 33792 | D:15     | Reached *** piety under the Shining One
 33915 | D:15     | Found a snail-covered altar of Cheibriados.
 34071 | D:15     | Found a gate leading to a gauntlet.
 34093 | Gauntlet | Entered a Gauntlet
 34093 | Gauntlet | Found a transporter.
 34105 | Gauntlet | Found a transporter.
 34108 | Gauntlet | Found a transporter.
 34109 | Gauntlet | Found a transporter.
 34116 | Gauntlet | Reached **** piety under the Shining One
 34117 | Gauntlet | Found a transporter.
 34120 | Gauntlet | Found a transporter.
 34121 | Gauntlet | Found a transporter.
 34130 | Gauntlet | Found a transporter.
 34133 | Gauntlet | Found a transporter.
 34134 | Gauntlet | Found a transporter.
 34140 | Gauntlet | Found a runed translucent gate.
 34140 | Gauntlet | Found a runed translucent gate.
 34141 | Gauntlet | Found a runed translucent gate.
 34142 | Gauntlet | Found a transporter.
 34145 | Gauntlet | Found a transporter.
 34146 | Gauntlet | Found a transporter.
 34154 | Gauntlet | Found a transporter.
 34280 | Gauntlet | Identified the amulet of Liny {Faith Drain rPois rF+ Will-
                  | Str+6}
 34350 | Gauntlet | Reached skill level 15 in Armour
 34472 | Gauntlet | Identified the amulet "Geacw" {Reflect -Tele rElec rF+++
                  | Str+4 SH+5}
 34473 | Gauntlet | Got the Vademecum on Rime
 35167 | Depths:1 | Entered Level 1 of the Depths
 35177 | Depths:1 | Reached XP level 17. HP: 128/128 MP: 28/28
 35360 | Depths:1 | Found a gateway to Hell.
 35494 | Hell     | Entered the Vestibule of Hell
 35494 | Hell     | Noticed Geryon
 35497 | Hell     | Noticed a hellephant
 35517 | Depths:1 | Reached ***** piety under the Shining One
 36031 | Hell     | Noticed an ancient lich
 36083 | Hell     | Noticed a searing wretch
 36126 | Depths:1 | Killed an ancient lich
 36233 | Depths:1 | Killed a searing wretch
 36307 | Hell     | Noticed a searing wretch
 36355 | Depths:1 | Killed a searing wretch
 36425 | Depths:1 | Killed a hellephant
 36426 | Depths:1 | Reached skill level 15 in Dodging
 36475 | Hell     | Noticed a searing wretch
 36479 | Hell     | Noticed a searing wretch
 36483 | Hell     | Reached XP level 18. HP: 24/134 MP: 9/29
 36484 | Hell     | Killed a searing wretch
 36485 | Hell     | Reached skill level 14 in Maces & Flails
 36488 | Hell     | HP: 3/134 [barbs]
 36802 | Depths:1 | HP: 2/134 [sun demon (17)]
 36940 | D:15     | Killed a searing wretch
 37440 | Snake:1  | Entered Level 1 of the Snake Pit
 37730 | Snake:1  | Identified the +7 morningstar "Muhuashra" {drain, rElec rF-
                  | rC++ Stlth+}
 37850 | Snake:1  | Reached skill level 15 in Maces & Flails
 38421 | Snake:1  | Found Sigaos's Armour Emporium.
 38861 | Snake:1  | Acquired 596 gold pieces
 38918 | Snake:1  | Reached skill level 16 in Maces & Flails
 40193 | Snake:2  | The Shining One protects you from harm!
 40193 | Snake:2  | HP: 4/134 [salamander/+1 glaive of flaming (7)]
 40193 | Snake:2  | Slain by a salamander

Illustrated notes

Levels and vault maps discovered:
D:1:      minmay_arrival_stair_chambers, layout_basic, corner_web_ring
D:2:      layout_loops_ring, dreamdust_ecumenical_altar_statues,
          chequers_garden, nicolae_concentric_dashed_squares_mild,
          grunt_decor_cap
D:3:      layout_basic, overflow_temple_1_default, portal_sewer_entry_b
D:4:      layout_basic, serial_bayou_lagoon_a, minmay_misc_feat_tower,
          wad_floor_pattern_untrapped, kennysheep_crisscross,
          minmay_misc_feat_chi
D:5:      layout_basic
D:6:      layout_rooms, minmay_temple_entry_overgrown
D:7:      layout_basic, minmay_fountain_box
D:8:      layout_loops_corners, erik_lair_island
D:9:      layout_small_grid, minitemple, serial_shops, shop, uniq_harold,
          uniq_pikel
D:10:     layout_gridville, minmay_orc_entry_temple_small,
          minmay_fractal_squares_5
D:11:     layout_basic, serial_shops, shop, shop, shop_fountains,
          nicolae_shop_behind_doors, uniq_nergalle
D:12:     layout_stronghold, minmay_misc_feat_more_columns
D:13:     layout_basic, david_vaults_4, not_door_vault_mu
D:14:     layout_stronghold, nicolae_figureground_pulse, serial_shops,
          nicolae_square_shop, uniq_roxanne
D:15:     gammafunk_depths_entry_grave, layout_basic, cheibriados_altar_1,
          gauntlet_entry_generic
Temple:   eino_narrow_crystal_temple
Lair:1:   layout_hall_layers, nzn_masters_of_martial_movement,
          serial_bayou_shore_b, infiniplex_staircase_pool, uniq_grum
Lair:2:   layout_cave_pods, dummy_snake_entry, nicolae_volcano_entry_batcave,
          nicolae_quartered_pool_impasse, chequers_serial_rivers_small_3,
          uniq_sonja
Lair:3:   layout_misc_corridors, elwin_shoals_entry_rooms, serial_bayou_shore_b,
          grunt_megastairs_2
Lair:4:   gammafunk_mikee_crab_dinner, layout_big_grid, lemuel_fruit_tree
Lair:5:   hangedman_lair_caniforms_friends, layout_regular_city,
          minmay_slime_entry_pillars, roderic_batcave, small_statue_intersection
Snake:1:  layout_chambers, minmay_shop_grid_forest,
          nicolae_snake_salamander_fort
Snake:2:  layout_misc_corridors, ebering_ghost_reflecting_pool, serial_shops,
          shop, minmay_snake_pond
Orc:1:    layout_diamond_mine, rock_pile, uniq_maurice
Orc:2:    st_orc_mages, layout_diamond_mine, uniq_josephine
Depths:1: layout_cave_pools, moated_statue, hell_entry, minmay_metal_thing
Hell

Skill      XL: |  1  2  3  4  5  6  7  8  9 10 11 12 13 14 15 16 17 18 |
---------------+-------------------------------------------------------+-----
Maces & Flails | 3 4 6 7 8 9 12 13 16 | 16.9
Staves         | 6 8 |  8.4
Armour         | 2 7 8 10 11 15 | 15.0
Invocations    | 4 9 11 12 15 | 15.0
Fighting       | 5 8 10 | 10.0
Dodging        | 7 10 11 15 | 15.0
Evocations     | 3 4 |  4.0
Stealth        | |  5.0

Action                   |  1- 3 |  4- 6 |  7- 9 | 10-12 | 13-15 | 16-18 || total
-------------------------+-------+-------+-------+-------+-------+-------++-------
Melee: Mace              |   106 |   147 |    39 |       |       |       ||   292
       Punch             |     1 |     1 |       |       |       |       ||     2
       Lajatang          |       |       |   209 |       |       |       ||   209
       Dire flail        |       |       |    31 |   467 |  1647 |  1466 ||  3611
Throw: Javelin           |       |     6 |     2 |     6 |       |       ||    14
       Throwing net      |       |     1 |       |     7 |    10 |       ||    18
       Dart              |       |       |       |    14 |    20 |     2 ||    36
Invok: Heal Other        |       |       |       |    15 |     9 |       ||    24
       Heal Self         |       |       |       |     5 |    29 |       ||    34
       Purification      |       |       |       |     3 |     5 |       ||     8
       Divine Shield     |       |       |       |       |       |    20 ||    20
       Cleansing Flame   |       |       |       |       |       |    21 ||    21
Evoke: Wand              |       |       |       |    30 |     8 |     8 ||    46
       Box of beasts     |       |       |       |       |     2 |     2 ||     4
       Phantom mirror    |       |       |       |       |     1 |     3 ||     4
  Use: Scroll            |       |     7 |     4 |     7 |     4 |     6 ||    28
       Potion            |       |     2 |     6 |     1 |     6 |    10 ||    25
 Stab: Sleeping          |    11 |    12 |     3 |     1 |       |       ||    27
       Held in net/web   |       |     1 |       |     2 |    10 |       ||    13
Armor: Leather armour    |    36 |    47 |    21 |       |       |       ||   104
       Skin              |       |     8 |       |       |       |       ||     8
       Scale mail        |       |       |    92 |   150 |       |       ||   242
       Acid dragon scale |       |       |       |    29 |     3 |       ||    32
       Ice dragon scales |       |       |       |       |   110 |       ||   110
       Chain mail        |       |       |       |       |   756 |   959 ||  1715
Dodge: Dodged            |    81 |    90 |   183 |   278 |   778 |   791 ||  2201
Block: Other             |       |       |       |       |       |   221 ||   221
